 Dungeon Crawl Stone Soup version 0.17-a0-1596-g1e86911 (webtiles) character file.

3249 urechis the Grappler (level 9, -7/80 HPs)
             Began as a Troll Monk on July 31, 2015.
             Was a Believer of Okawaru.
             Mangled by a troll (18 damage)
             ... on level 9 of the Dungeon.
             The game lasted 00:14:49 (7351 turns).

urechis the Grappler (Troll Monk)                   Turns: 7351, Time: 00:14:49

Health: -7/80      AC:  8    Str: 21    XL:     9   Next: 67%
Magic:  5/8        EV:  8    Int:  6    God:    Okawaru [**....]
Gold:   552        SH: 16    Dex: 15    Spells: 0 memorised, 8 levels left

rFire  . . .     SeeInvis .       - Unarmed
rCold  + . .     Clarity  .     a - +0 robe
rNeg   . . .     SustAt   .     c - +0 large shield
rPois  .         Gourm    +     (helmet restricted)
rElec  .         Spirit   .     n - +2 cloak
rCorr  .         Warding  .     (gloves unavailable)
rMut   .         Stasis   .     (boots unavailable)
MR     .....                    (no amulet)
Stlth  ++........               (no ring)
                                s - ring of protection from cold

@: not resistant to hostile enchantments, unstealthy
A: unfitting armour, claws 3, fast metabolism 3, gourmand, regeneration 2,
shaggy fur 1, tough skin 2
a: Heroism, Renounce Religion


You were on level 9 of the Dungeon.
You worshipped Okawaru.
Okawaru was pleased with you.
You were full.

You visited 2 branches of the dungeon, and saw 10 of its levels.
You also visited: Sewer.

You collected 552 gold pieces.

Inventory:

Missiles
 i - 7 poisoned needles
Armour
 a - a +0 robe (worn)
 c - a +0 large shield (worn)
 n - a +2 cloak (worn)
Jewellery
 s - a ring of protection from cold (left claw)
 v - an uncursed amulet of guardian spirit
 x - an uncursed ring of ice
Magical devices
 G - a wand of magic darts (0)
 K - a wand of digging (15)
 L - a wand of fire (3)
Scrolls
 e - 4 scrolls of recharging
 f - a scroll of enchant armour
 k - 5 scrolls of remove curse
 q - a scroll of magic mapping
 u - a scroll of fear
 F - a scroll of teleportation
 J - 2 scrolls of immolation
Potions
 h - 3 potions of curing
 j - 2 potions of resistance {unknown}
 l - 2 potions of heal wounds {unknown}
 o - a potion of brilliance {unknown}
 r - 2 potions of lignification {unknown}
 t - a potion of invisibility {unknown}
 w - a potion of haste
 z - 2 potions of agility
 A - a potion of cancellation {unknown}
 B - a potion of magic {unknown}
 D - a potion of might
 I - a potion of flight {unknown}
Comestibles
 b - 4 bread rations
 g - 6 meat rations
 m - 6 beef jerkies


   Skills:
 - Level 2.5 Fighting
 - Level 2.4 Dodging
 - Level 1.1 Stealth
 + Level 8.1 Shields
 + Level 10.4 Unarmed Combat


You had 8 spell levels left.
You didn't know any spells.

Dungeon Overview and Level Annotations

Branches:
Dungeon (9/15)             Temple (1/1) D:7
   Lair: D:8-11         Orc: D:9-12

Altars:
Ashenzari
Cheibriados
Dithmenos
Elyvilon
Fedhas
Gozag
Kikubaaqudgha
Nemelex Xobeh
Okawaru
Qazlal
Ru
Sif Muna
Trog
Vehumet
Xom
Yredelemnul
Zin
The Shining One


Innate Abilities, Weirdness & Mutations

You are too large for most types of armour.
You have claws for hands.
Your metabolism is lightning-fast.
You like to eat raw meat.
You heal very quickly.
You are covered in fur (AC +1).
You have very tough skin (AC +2).


Message History

You block the troll's attack. x2
The troll claws you but does no damage.
The hippogriff bites you but does no damage.
The hippogriff pecks you. The hippogriff claws you.
You claw the hippogriff!
You kill the hippogriff!
Okawaru accepts your kill. You block the troll's attack. x2
The troll closely misses you.
You claw the troll!
The troll is moderately wounded.
The troll bites you!
* * * LOW HITPOINT WARNING * * *
The troll claws you.
* * * LOW HITPOINT WARNING * * *
You block the troll's attack.
You mangle the troll!!
The troll is severely wounded.
The troll bites you!!
You die...

......#...#
......#...#########...
......................
.......(..............
....................>.
......................
......................
.......<..............
..............@.......
...............T......
..........†.._?.......
#.............._......
......................
#........._..⌠........
......................
h............._......
..........._...


You could see a troll.

Vanquished Creatures
  Pikel (D:7)
  2 two-headed ogres (D:8)
  A hippogriff (D:9)
  Edmund (D:4)
  A black bear (D:8)
  A soldier ant (D:8)
  An orc warrior (D:7)
  2 phantoms
  3 ice beasts
  4 slaves (D:7)
  A crocodile (Sewer)
  A necrophage (D:7)
  A centaur (D:7)
  A big kobold (D:7)
  A giant frog (D:8)
  2 scorpions
  3 crimson imps
  A giant frog zombie (D:5)
  2 orc priests (D:6)
  Crazy Yiuf (D:2)
  The ghost of Conn321 the Conjurer, a weakling FeCj (D:3)
  A giant frog skeleton (D:6)
  An orc wizard (D:5)
  2 hounds
  2 iguanas
  6 worker ants
  A worker ant zombie (D:5)
  Robin (D:2)
  9 gnolls
  A river rat (D:3)
  5 adders
  3 shadow imps
  An ooze (D:3)
  2 adder skeletons
  A worm (D:2)
  9 giant geckos
  25 orcs
  19 goblins
  6 hobgoblins
  14 kobolds
  6 quokkas
  4 ball pythons
  6 bats
  10 giant cockroaches
  A giant gecko skeleton (D:8)
  4 giant newts
  9 jackals
  8 rats
189 creatures vanquished.

Notes
Turn   | Place    | Note
--------------------------------------------------------------
     0 | D:1      | urechis the Troll Monk began the quest for the Orb.
     0 | D:1      | Reached XP level 1. HP: 22/22 MP: 0/0
   174 | D:1      | Reached XP level 2. HP: 29/29 MP: 1/1
   233 | D:1      | Reached skill level 1 in Shields
   396 | D:1      | Reached XP level 3. HP: 19/36 MP: 2/2
  1058 | D:2      | Reached XP level 4. HP: 15/44 MP: 3/3
  1264 | D:2      | Noticed Crazy Yiuf
  1271 | D:2      | Killed Crazy Yiuf
  1271 | D:2      | Reached skill level 5 in Unarmed Combat
  1744 | D:2      | Noticed Robin
  1772 | D:2      | Reached XP level 5. HP: 50/50 MP: 4/4
  1775 | D:2      | Killed Robin
  1935 | D:3      | Found a shimmering altar of Xom.
  2201 | D:3      | Noticed Conn321's ghost (weakling FeCj)
  2206 | D:3      | Killed Conn321's ghost
  2366 | D:3      | Found a glowing drain.
  2378 | Sewer    | Entered a sewer
  2453 | Sewer    | Reached skill level 6 in Unarmed Combat
  2453 | Sewer    | Reached XP level 6. HP: 43/59 MP: 5/5
  3338 | D:4      | Noticed Edmund
  3353 | D:4      | Killed Edmund
  3353 | D:4      | Reached XP level 7. HP: 46/66 MP: 6/6
  3727 | D:5      | Entered Level 5 of the Dungeon
  3989 | D:5      | Reached skill level 7 in Unarmed Combat
  4926 | D:6      | Reached skill level 5 in Shields
  5100 | D:6      | Reached XP level 8. HP: 71/74 MP: 7/7
  5533 | D:7      | Found a staircase to the Ecumenical Temple.
  5614 | D:7      | Found a radiant altar of Vehumet.
  5648 | D:7      | Reached skill level 8 in Unarmed Combat
  6160 | D:7      | Noticed Pikel
  6178 | D:7      | Killed Pikel
  6178 | D:7      | Reached skill level 9 in Unarmed Combat
  6178 | D:7      | Reached XP level 9. HP: 58/80 MP: 8/8
  6284 | Temple   | Entered the Ecumenical Temple
  6390 | Temple   | Became a worshipper of Warmaster Okawaru
  6390 | Temple   | Acquired Okawaru's first power
  6767 | D:8      | Reached skill level 10 in Unarmed Combat
  7328 | D:9      | Found a deep blue altar of Sif Muna.
  7328 | D:9      | Found a bloodstained altar of Trog.
  7329 | D:9      | Found a shadowy altar of Dithmenos.
  7329 | D:9      | Found a white marble altar of Elyvilon.
  7330 | D:9      | Found a radiant altar of Vehumet.
  7351 | D:9      | Mangled by a troll

Vault maps used:
D:1:      elethiomel_arrival_diamonds
D:2:      kennysheep_goblin_castle, uniq_robin, uniq_crazy_yiuf_cottage
D:3:      old_standard_altar, gup_sewer_entry_bubbles, grunt_ministairs_2
D:4:      uniq_edmund
D:5:      first_bread, kennysheep_generic_room_9
D:7:      vehumet_altar_wand_db, uniq_pikel
D:9:      grunt_temple_overflow_open, lemuel_crystal_altar
Temple:   circular_temple_pool_12
Sewer:    sewer_the_crocodile

Action                   |  1- 3 |  4- 6 |  7- 9 || total
-------------------------+-------+-------+-------++-------
Melee: Unarmed           |    81 |   200 |   350 ||   631
  Use: Scroll            |       |       |    12 ||    12
 Stab: Sleeping          |     2 |     3 |       ||     5
  Eat: Chunk             |     8 |    21 |    36 ||    65
       Fruit             |       |       |     3 ||     3
       Royal jelly       |       |       |     1 ||     1
       Pizza             |       |       |     1 ||     1
